 Dungeon Crawl Stone Soup version 0.16.1-4-g8e1b745 (console) character file.

77 gw the Ducker (level 4, 0/26 HPs)
             Began as a Tengu Arcane Marksman on Mar 27, 2015.
             Slain by a worm (10 damage)
             ... on level 3 of the Dungeon.
             The game lasted 00:02:36 (2951 turns).

gw the Ducker (Tengu Arcane Marksman)               Turns: 2951, Time: 00:02:36

Health: 0/26       AC:  3    Str: 12    XL:     4   Next: 33%
Magic:  2/7        EV: 12    Int: 14    God:    Xom [..*...]
Gold:   112        SH:  0    Dex: 13    Spells: 2 memorised, 1 level left

rFire  . . .     SeeInvis .     b - +0 mace
rCold  . . .     Clarity  .     n - +0 leather armour
rNeg   . . .     SustAb   .     (no shield)
rPois  +         Gourm    .     (helmet restricted)
rElec  .         Spirit   .     (no cloak)
rCorr  .         Warding  .     (no gloves)
rMut   .         Stasis   .     (boots unavailable)
MR     .....                    h - amulet of faith
Stlth  +.........               (no ring)
                                j - ring of poison resistance

@: very slightly contaminated, not resistant to hostile enchantments, very
unstealthy
A: beak, talons 3
a: Renounce Religion


You were on level 3 of the Dungeon.
You worshipped Xom.
You were a toy of Xom.
You were not hungry.

You visited 1 branch of the dungeon, and saw 3 of its levels.

You collected 112 gold pieces.

Inventory:

Hand weapons
 b - a +0 mace (weapon)
 g - a +1 shortbow
Missiles
 c - 13 arrows
Armour
 n - a +0 leather armour (worn)
Jewellery
 h - an amulet of faith (around neck)
 j - a ring of poison resistance (left hand)
Scrolls
 i - 5 scrolls of identify
 k - 4 scrolls of remove curse
Books
 d - a book of Debilitation

   Spells                             Type                      Level
   a - Corona                         Hexes                        1
   b - Slow                           Hexes                        2
   c - Inner Flame                    Hexes/Fire                   3
   d - Enslavement                    Hexes                        4
   e - Cause Fear                     Hexes                        4
   f - Leda's Liquefaction            Hexes/Earth                  4
Comestibles
 f - 2 bread rations


   Skills:
 + Level 1.7 Fighting
 + Level 0.9 Maces & Flails
 + Level 2.7 Bows
 + Level 3.0 Dodging
 * Level 1.8 Spellcasting
 + Level 2.4 Hexes


You had one spell level left.
You knew the following spells:

 Your Spells              Type           Power        Failure   Level  Hunger
a - Corona                Hex            #......      14%         1    ##.....
b - Enslavement           Hex            #.......     95%         4    #####..


Dungeon Overview and Level Annotations

Branches:
Dungeon (3/15)

Altars:
Xom


Innate Abilities, Weirdness & Mutations

You have a beak for a mouth.
You have claws for feet.


Message History

Aim: a worm (heavily wounded, chance 51%)
You miscast Corona.
You are very lightly contaminated with residual magic.
Nothing appears to happen.
Casting: Corona
Confirm with . or Enter, or press ? or * to list all spells.
Aiming: Corona
Press: ? - help, Shift-Dir - straight line, f/p - worm
Aim: a worm (heavily wounded, chance 51%)
The worm is outlined in light.
The worm closely misses you.
Unknown command.
Unknown command.
Unknown command.
Unknown command.
ATTACKING (0,-1)
You hit the worm. Your kick misses the worm. You peck the worm.
The worm is heavily wounded.
The worm bites you!
You die... "What!?
That's it?"

#.....#
....#
#.###.#
(..... #.#
#.# (<.....
#.# #.#
....... #.#
#.##....w..
#.#
#<#........#
#.# ###b#
#.#####w#
#.##b..Q#
#.###b###
#...b.#
#######


You could see a worm.

Table legend:
 A = Turns spent in this place as a percentage of turns spent in the entire game.
 B = Non-inter-level travel turns spent in this place as a percentage of non-inter-level travel turns spent in the entire game.
 C = Inter-level travel turns spent in this place as a percentage of turns spent in this place.
 D = Turns resting spent in this place as a percentage of non-inter-level travel turns spent in this place.
 E = Turns spent auto-exploring this place as a percentage of non-inter-level travel turns spent in this place.
 F = Non-inter-level travel turns spent in this place divided by the number of levels of this place that you've seen.
                   A       B       C       D       E      F
               +-------+-------+-------+-------+-------+----------------------
         Total | 100.0 | 100.0 |   0.6 |   3.5 |   2.4 | 1185.7
       Dungeon | 100.0 | 100.0 |   0.6 |   3.5 |   2.4 | 1185.7
               +-------+-------+-------+-------+-------+----------------------

Table legend:
 A = Kills in this place as a percentage of kills in entire the game.
 B = Kills by you in this place as a percentage of kills by you in the entire game.
 C = Kills by friends in this place as a percentage of kills by friends in the entire game.
 D = Other kills in this place as a percentage of other kills in the entire game.
 E = Experience gained in this place as a percentage of experience gained in the entire game.
 F = Experience gained in this place divided by the number of levels of this place that you have seen.
                   A       B       C       D       E      F
               +-------+-------+-------+-------+-------+----------------------
         Total | 100.0 | 100.0 |  -nan |  -nan | 100.0 |  36.7
       Dungeon | 100.0 | 100.0 |  -nan |  -nan | 100.0 |  36.7
               +-------+-------+-------+-------+-------+----------------------

Vanquished Creatures
  3 adders (D:2)
  A giant mite (D:3)
  2 giant geckos (D:2)
  A giant cockroach (D:2)
  6 hobgoblins
  4 kobolds
  A bat (D:1)
  4 giant newts
  7 goblins
  8 jackals
  8 rats
45 creatures vanquished.

Vanquished Creatures (others)
  A giant cockroach (D:1)
  2 jackals (D:1)
3 creatures vanquished.

Grand Total: 48 creatures vanquished

Notes
Turn   | Place    | Note
--------------------------------------------------------------
     0 | D:1      | gw, the Tengu Arcane Marksman, began the quest for the Orb.
     0 | D:1      | Reached XP level 1. HP: 12/12 MP: 2/2
   387 | D:1      | Reached XP level 2. HP: 16/16 MP: 2/4
  1518 | D:2      | Reached XP level 3. HP: 20/20 MP: 2/5
  1821 | D:2      | Found a shimmering altar of Xom.
  1839 | D:2      | Became a worshipper of Xom of Unknown Intention
  2282 | D:2      | Reached XP level 4. HP: 16/26 MP: 5/7
  2369 | D:2      | XOM: divination: magic mapping
  2409 | D:2      | Learned a level 4 spell: Enslavement
  2936 | D:3      | XOM: harmless Divn miscast
  2937 | D:3      | Reached skill level 3 in Dodging
  2944 | D:3      | XOM: butterfly on damage
  2951 | D:3      | Slain by a worm

Action                   |  1- 3 |  4- 6 || total
-------------------------+-------+-------++-------
Melee: Club              |    51 |       ||    51
       Mace              |    13 |    25 ||    38
 Fire: Shortbow          |    18 |     8 ||    26
 Cast: Corona            |    40 |    15 ||    55
  Use: Scroll            |     3 |     3 ||     6
       Potion            |     2 |     1 ||     3
  Eat: Chunk             |     6 |     2 ||     8

Vault maps used:
D:1:      shiori_arrival_oz, minmay_close_crescents
D:2:      lemuel_crystal_altar
D:3:      okawaru_altar_gauntlet_db
